 Dungeon Crawl Stone Soup version 0.24.0-13-gcf9b319 (webtiles) character file.

Game seed: 2084809602364028286, levelgen mode: deterministic

50 Bronimir the Ruffian (level 3, 0/28 HPs)
             Began as a Draconian Transmuter on Mar 16, 2020.
             Succumbed to an adder's poison
             ... on level 2 of the Dungeon.
             The game lasted 00:03:03 (744 turns).

Bronimir the Ruffian (Draconian Transmuter)          Turns: 744, Time: 00:03:04

Health: 0/28       AC:  5    Str: 13    XL:     3   Next: 55%
Magic:  4/6        EV: 12    Int: 13    God:
Gold:   12         SH:  0    Dex: 11    Spells: 0/6 levels left

rFire    . . .     SeeInvis .     - Unarmed
rCold    . . .     Gourm    .   (no shield)
rNeg     . . .     Faith    .   (armour unavailable)
rPois    .         Spirit   .   (helmet restricted)
rElec    .         Reflect  .   (no cloak)
rCorr    .         Harm     .   (no gloves)
MR       .....                  (no boots)
Stlth    +.........             (no amulet)
HPRegen  0.09/turn              (no ring)
MPRegen  0.10/turn              (no ring)

@: lethally poisoned (0 -> -1), invisible
A: unfitting armour, cold-blooded, AC +5
a: no special abilities


You were on level 2 of the Dungeon.
You were not hungry.

You visited 1 branch of the dungeon, and saw 2 of its levels.

You collected 12 gold pieces.

Inventory:

Missiles
 a - 11 arrows
 b - 25 sling bullets
 h - 3 stones (quivered)
Jewellery
 g - an uncursed ring of resist corrosion {unknown}
Scrolls
 d - a scroll of random uselessness {unknown}
Potions
 i - a potion of magic {unknown}
Comestibles
 c - 3 rations
 f - 7 chunks of flesh


   Skills:
 + Level 1.1 Fighting
 + Level 2.2 Dodging
 * Level 3.8 Unarmed Combat
 + Level 2.4 Spellcasting
 * Level 2.2 Transmutations
 * Level 0.1 Poison Magic


You couldn't memorise any spells.
You knew the following spells:

 Your Spells              Type           Power        Failure   Level  Hunger
a - Beastly Appendage     Tmut           #.....       10%         1    #......
b - Sticks to Snakes      Tmut           #.......     14%         2    ###....
c - Spider Form           Tmut/Pois      #.........   41%         3    ###....

Your spell library contained the following spells:

 Spells                   Type           Power        Failure   Level  Hunger
 Ice Form                 Ice/Tmut       #.......     83%         4    #####..
 Blade Hands              Tmut           #.........   95%         5    ######.


Dungeon Overview and Level Annotations

Branches:
Dungeon (2/15)

Altars:


Innate Abilities, Weirdness & Mutations

Your plain brown scales are hard. (AC +5)
You cannot fit into any form of body armour.
You are cold-blooded and may be slowed by cold attacks.


Message History

You are too injured to fight recklessly!
You are too injured to fight recklessly!
You are too injured to fight recklessly!
You barely miss the kobold.
You feel sick. The adder bites you. The kobold barely misses you.
The adder barely misses you.
Casting: Beastly Appendage (safe; 10% risk of failure)
Confirm with . or Enter, or press ? or * to list all spells.
You create a snake!
You now have 11 arrows.
Your horns disappear.
The adder bites you.
* * * LOW HITPOINT WARNING * * *
The kobold closely misses you. The kobold misses your adder.
Your adder bites the kobold.
The kobold dies!
The adder bites you.
* * * LOW HITPOINT WARNING * * *
It was a potion of invisibility.
You fade into invisibility!
You die...

#..... #..... .## #.....
..#######.. #.....##
##.......... #....†.#+
##........... #.†##
##............
##.S###.............
##S.#..#..........#
##@..##..).....).#
##########.#....÷......#
#.†.....##.#....^......#
#.#####....#<..........#
#.###########..........#
#.......................
######################.#
.


You could see an adder and a friendly adder.

Vanquished Creatures
  2 adders (D:2)
  A leopard gecko (D:1)
  2 giant cockroaches (D:1)
  3 goblins (D:1)
  2 hobgoblins (D:1)
  4 jackals (D:1)
  8 bats
  3 frilled lizards (D:1)
  4 kobolds
  A rat (D:1)
30 creatures vanquished.

Vanquished Creatures (collateral kills)
  A kobold (D:2)
1 creature vanquished.

Grand Total: 31 creatures vanquished

Notes
Turn   | Place    | Note
-------+----------+-------------------------------------------
     0 | D:1      | Bronimir the Draconian Transmuter began the quest for the
                  | Orb.
     0 | D:1      | Reached XP level 1. HP: 16/16 MP: 3/3
   146 | D:1      | Reached XP level 2. HP: 21/23 MP: 5/5
   632 | D:1      | Reached XP level 3. HP: 27/28 MP: 4/6
   687 | D:2      | Learned a level 2 spell: Sticks to Snakes
   691 | D:2      | Learned a level 3 spell: Spider Form
   743 | D:2      | HP: 1/28 [adder (4)]
   744 | D:2      | Succumbed to an adder's poison

Levels and vault maps discovered:
D:1:      scummos_arrival_forest, layout_basic
D:2:      layout_basic, old_standard_altar, chequers_ecumenical_altar_simple,
          nemelex_diamond_rough_becter, uniq_crazy_yiuf_cottage

Skill      XL: |  1  2 |
---------------+-------+-----
Dodging        | 2 |  2.2
Fighting       | |  1.1
Unarmed Combat | |  3.8
Spellcasting   | |  2.4
Transmutations | |  2.2
Poison Magic   | |  0.1

Action                   || total
-------------------------++-------
Melee: Unarmed           ||   123
       Tailslap          ||     9
       Headbutt          ||     5
       Kick              ||     6
       Punch             ||     2
 Cast: Beastly Appendage ||    14
       Sticks to Snakes  ||     1
  Use: Potion            ||     1
 Stab: Sleeping          ||     1
Armor: Skin              ||    78
Dodge: Dodged            ||   141
